 Dungeon Crawl Stone Soup version 0.15-a0-1914-g8cb84b8 (webtiles) character file.

2223 PolkaDot the Jinx (level 9, -1/57 HPs)
             Began as a Vampire Enchanter on July 6, 2014.
             Was an Initiate of Ashenzari.
             Slain by a manticore (14 damage)
             ... on Level 7 of the Dungeon.
             The game lasted 00:29:00 (8232 turns).

PolkaDot the Jinx (Vampire Enchanter)               Turns: 8232, Time: 00:29:01

HP  -1/57        AC  3     Str  7      XL: 9   Next: 13%
MP   3/14        EV 12     Int 20      God: Ashenzari [......]
Gold 329         SH  0     Dex 14      Spells:  4 memorised,  2 levels left

rFire  . . .     SeeInvis +     d - +5 dagger (speed) (curse)
rCold  + + .     Clarity  .     s - +0 robe {MR+}
rNeg   + + +     rCorr    .     (no shield)
rPois  +         rRot     +     (no helmet)
rElec  .         Spirit   .     p - +0 cloak
SustAb .         Warding  +     (no gloves)
rMut   .         Stasis   .     (no boots)
Gourm  .                        l - amulet of warding
MR     ++...                    (no ring)
                                (no ring)

@: manticore barbs, bloodless, non-regenerating, very resistant to hostile
enchantments, very stealthy
A: bottle blood, fangs 3, see invisible, magic resistance 1, poison resistance,
spit poison 1, unbreathing
a: Spit Poison, Bat Form, Bottle Blood, Renounce Religion


You were on level 7 of the Dungeon.
You worshipped Ashenzari.
Ashenzari was noncommittal.
You were bloodless.

You visited 2 branches of the dungeon, and saw 8 of its levels.

You collected 329 gold pieces.

Inventory:

Hand weapons
 d - a cursed +5 dagger of speed (weapon)
Missiles
 n - a throwing net (quivered)
Armour
 p - a +0 cloak (worn)
 s - a +0 robe of magic resistance (worn)
Magical devices
 f - a wand of digging (3)
Scrolls
 a - 5 scrolls of teleportation
 b - 8 scrolls of curse armour
 e - a scroll of blinking
 g - a scroll of fear
 h - a scroll of amnesia
 i - 3 scrolls of curse jewellery
 r - a scroll of fog {unknown}
 t - a scroll of magic mapping {unknown}
Jewellery
 l - an amulet of warding (around neck)
Potions
 j - a potion of cure mutation {!q}
 k - a potion of magic
 m - a potion of resistance
 u - 2 potions of restore abilities
Books
 c - a book of Maledictions

   Spells                             Type                      Level
   *Corona                            Hexes                        1
   Sure Blade                         Hexes/Charms                 2
   *Ensorcelled Hibernation           Hexes/Ice                    2
   *Confuse                           Hexes                        3
   Dazzling Spray                     Conjuration/Hexes            3
   *Enslavement                       Hexes                        4
 q - a book of Ice

   Spells                             Type                      Level
   Metabolic Englaciation             Hexes/Ice                    5
   Ozocubu's Refrigeration            Ice                          6
   Bolt of Cold                       Conjuration/Ice              6
   Freezing Cloud                     Conjuration/Ice/Air          6
   Simulacrum                         Ice/Necromancy               6


   Skills:
 + Level 5.4 Short Blades
 - Level 2.1 Dodging
 + Level 10.4 Stealth
 - Level 2.0 Spellcasting
 * Level 13.1 Hexes
 - Level 1.1 Ice Magic


You had 2 spell levels left.
You knew the following spells:

 Your Spells              Type           Power        Failure   Level  Hunger
a - Corona                Hex            ######.      1%          1    #......
c - Confuse               Hex            ######..     1%          3    ###....
d - Ensorcelled Hibernat  Hex/Ice        ####..       1%          2    ##.....
e - Enslavement           Hex            ######..     1%          4    #####..


Dungeon Overview and Level Annotations

Branches:
Dungeon (7/15)             Temple (1/1) D:6

Altars:
Ashenzari
Cheibriados
Dithmenos
Fedhas
Gozag
Makhleb
Okawaru
Qazlal
Trog
Vehumet
Xom
Yredelemnul
Zin
The Shining One


Innate Abilities, Weirdness & Mutations

You do not heal naturally.
You can bottle blood from corpses.
You have razor-sharp teeth.*
You have supernaturally acute eyesight.
You can survive without breathing.*
You are resistant to hostile enchantments.
Your system is resistant to poisons.*
You can spit poison.


Message History

Confirm with . or Enter, or press ? or * to list all spells.
Aiming: Ensorcelled Hibernation
Press: ? - help, Shift-Dir - straight line, f - manticore
Aim: a manticore The manticore resists.
* * * LOW MAGIC WARNING * * *
The manticore bites you but does no damage.
The manticore claws you!
* * * LOW HITPOINT WARNING * * *
The manticore claws you.
* * * LOW HITPOINT WARNING * * *
Casting: Ensorcelled Hibernation
Confirm with . or Enter, or press ? or * to list all spells.
Aiming: Ensorcelled Hibernation
Press: ? - help, Shift-Dir - straight line, f/p - manticore
Aim: a manticore The manticore resists.
* * * LOW MAGIC WARNING * * *
The manticore bites you!
You die...

####.####...........).........
#.......#.....................
##.....#.......................
#..............................
#...>)...................).....
###....)[##......................
#........##.....#.........#####.
.........).......H........#
#.##.........)..@# .......# #.
#?.......###.## ......#
#.###(#..)#.# #..# ...
#....()...#.##...#
..##.(<.#.....$#..
#.....)...#..#....#
##.......##.### ... ............#
.### ..#..(......# .


You could see a manticore.

Vanquished Creatures
  Pikel (D:6)
  Grinder (D:3)
  The ghost of twoninja the Sneak, an average DEAs (D:4)
  A sky beast (D:6)
  A slave (D:6)
  The ghost of WhatIsLove the Shield-Bearer, an average FoFi (D:3)
  3 ogres
  A phantom (D:5)
  Sigmund (D:2)
  Blork the orc (D:7)
  2 wights (D:7)
  A hound (D:6)
  2 crimson imps (D:5)
  A centaur zombie (D:5)
  A jelly (D:6)
  4 orc priests
  8 orc wizards
  An iguana (D:6)
  Natasha (thrice) (D:4)
  A black bear skeleton (D:5)
  A worker ant (D:3)
  A big kobold zombie (D:6)
  An ogre zombie (D:6)
  Ijyb (D:2)
  7 gnolls (D:2)
  5 adders
  A shadow imp (D:5)
  A giant mite (D:2)
  An inept item mimic (D:4)
  6 worms (D:2)
  6 giant geckos
  An ooze (D:3)
  24 orcs
  3 ball pythons
  3 giant cockroaches
  12 hobgoblins
  5 jackals
  3 quokkas
  A ball python skeleton (D:5)
  10 bats
  6 giant newts
  14 goblins
  A hobgoblin skeleton (D:5)
  A hobgoblin zombie (D:6)
  14 kobolds
  9 rats
  A ballistomycete (D:7)
175 creatures vanquished.

Vanquished Creatures (collateral kills)
  A wight (D:7)
  A giant spore (D:7)
2 creatures vanquished.

Vanquished Creatures (others)
  4 orcs (D:6)
  A hobgoblin (D:6)
  A goblin (D:6)
  2 butterflies (D:6)
8 creatures vanquished.

Grand Total: 185 creatures vanquished

Notes
Turn   | Place    | Note
--------------------------------------------------------------
     0 | D:1      | PolkaDot, the Vampire Enchanter, began the quest for the Orb.
     0 | D:1      | Reached XP level 1. HP: 13/13 MP: 3/3
   668 | D:1      | Reached XP level 2. HP: 8/19 MP: 1/4
  1477 | D:1      | Learned a level 2 spell: Ensorcelled Hibernation
  1558 | D:2      | Reached skill level 1 in Ice Magic
  1558 | D:2      | Reached XP level 3. HP: 22/24 MP: 3/6
  1871 | D:2      | Noticed Sigmund
  1933 | D:2      | Killed Sigmund
  1933 | D:2      | Reached skill level 5 in Stealth
  1933 | D:2      | Reached skill level 6 in Hexes
  1933 | D:2      | Reached XP level 4. HP: 15/30 MP: 2/7
  2057 | D:2      | Reached XP level 5. HP: 24/35 MP: 3/9
  2269 | D:2      | Learned a level 3 spell: Confuse
  2646 | D:2      | Reached skill level 7 in Hexes
  3692 | D:2      | Noticed Ijyb
  3735 | D:2      | Killed Ijyb
  3738 | D:2      | Reached XP level 6. HP: 41/41 MP: 1/10
  4145 | D:3      | Reached skill level 8 in Hexes
  4256 | D:3      | Noticed WhatIsLove's ghost (average FoFi)
  4293 | D:3      | Killed WhatIsLove's ghost
  4347 | D:3      | Noticed Grinder
  4362 | D:3      | Killed Grinder
  4362 | D:3      | Reached skill level 9 in Hexes
  4362 | D:3      | Reached XP level 7. HP: 43/46 MP: 8/12
  4702 | D:3      | Reached skill level 10 in Hexes
  4800 | D:3      | Learned a level 4 spell: Enslavement
  5000 | D:4      | Noticed twoninja's ghost (average DEAs)
  5010 | D:4      | Noticed Natasha
  5019 | D:4      | Killed twoninja's ghost
  5022 | D:4      | Killed Natasha
  5146 | D:4      | Noticed Natasha
  5152 | D:4      | Killed Natasha
  5201 | D:4      | Noticed Natasha
  5212 | D:4      | Killed Natasha
  5556 | D:4      | Reached XP level 8. HP: 52/52 MP: 10/13
  5757 | D:5      | Entered Level 5 of the Dungeon
  5774 | D:5      | Gained mutation: Your system is resistant to poisons. [potion of mutation]
  5774 | D:5      | Gained mutation: You can spit poison. [potion of mutation]
  5774 | D:5      | Gained mutation: You are resistant to hostile enchantments. [potion of mutation]
  6047 | D:5      | Reached skill level 11 in Hexes
  6152 | D:5      | Found a bloodstained altar of Trog.
  6745 | D:6      | Found a glowing silver altar of Zin.
  6755 | D:6      | Reached skill level 12 in Hexes
  6837 | D:6      | Noticed Pikel
  6859 | D:6      | Killed Pikel
  6859 | D:6      | Reached skill level 10 in Stealth
  6899 | D:6      | Reached skill level 5 in Short Blades
  6905 | D:6      | Found a staircase to the Ecumenical Temple.
  6915 | Temple   | Entered the Ecumenical Temple
  7239 | Temple   | Became a worshipper of Ashenzari the Shackled
  7442 | D:6      | Found a bloodstained altar of Trog.
  7880 | D:7      | Noticed a manticore
  7892 | D:6      | Reached XP level 9. HP: 32/57 MP: 8/14
  8004 | D:7      | Noticed Blork the orc
  8007 | D:7      | Killed Blork the orc
  8041 | D:7      | Reached skill level 13 in Hexes
  8232 | D:7      | Slain by a manticore

Action                   |  1- 3 |  4- 6 |  7- 9 || total
-------------------------+-------+-------+-------++-------
Melee: Dagger            |    87 |   160 |   204 ||   451
 Cast: Corona            |     8 |       |     2 ||    10
       Ensorcelled Hiber |     7 |    45 |    61 ||   113
       Confuse           |       |     9 |    12 ||    21
       Enslavement       |       |       |     2 ||     2
Evoke: Wand              |       |       |     1 ||     1
  Use: Potion            |     4 |       |     2 ||     6
       Scroll            |       |     1 |    16 ||    17
 Stab: Sleeping          |     9 |    33 |    64 ||   106
       Confused          |       |     4 |     8 ||    12
       Distracted        |       |       |     1 ||     1
